cohdb
Replays
Latest Replays
All Replays
Popular Replays
Top Player Replays
Match Explorer
How It Works
Community
CoH3 Stats
Reddit
Sign in to upload your games and track your stats! →
Sign in with Steam
Match 37851933
Unlisted
Match 37851933
Overview
Messages
Build Orders
End
Construct Infanterie Kompanie
MG 42 Machine Gun Team
MG 42 Machine Gun Team
GrW 34 Mortar Team
Construct Panzergrenadier Kompanie
Panzergrenadier Squad
251 Medium Carrier
Pioneer Squad
Panzergrenadier Squad
Selects Mechanized Battlegroup
Selects Mobile Repair Stations
Panzergrenadier Officer Quarters
Pak 40 Anti-tank Gun Team
Construct Panzer Kompanie
Selects Raid Package
Selects StuG Assault Group
Selects UNKNOWN (2160084)
Panther Heavy Tank
Side Skirts
Panzer IV Medium Tank
STONEgolem
deSmo)°
SneaKerz
gb_gbg
0
0
Comments
sign in to comment!
No comments posted yet!